AoeStats
← Horka Bulcsú

Yucatan

510619273Analyzed
3v3 RM · 1d ago on Oct 1, 2026· 53m 23s· 6 players
Game mode
Random Map
Map size
Normal (6 player)
Population
200
Speed
Normal
Resources
Standard
Victory
Conquest
Starting age
Dark Age
Ending age
Imperial Age
RankedLock teamsTeams togetherTeam positionsShared explorationLock speedFull tech treeHidden civsTurbo modeCheats
Victory
Defeat
🇦🇷 Italians · Argentina
1277
+12
🇦🇷 Franks · Argentina
1234
+14
🇦🇷 Magyars · Argentina
1116
+19
🇷🇴 Chinese · Romania
1232
-17
🇳🇱 Varangians · Netherlands
1223
-16
🇵🇪 Mongols · Peru
1105
-12
Sofia
6:49 Loom
9:12 Feudal Age
11:52 Bloodlines
12:06 Loom
17:23 Castle Age
18:39 Town Watch
19:55 Double-Bit Axe
24:21 Horse Collar
26:16 Scale Barding Armor
26:21 Forging
27:59 Husbandry
29:16 Forging
31:57 Pikeman
32:39 Scale Mail Armor
Biscu
0:28 Loom
9:42 Feudal Age
15:33 Gold Mining
15:30 Double-Bit Axe
15:26 Horse Collar
18:14 Castle Age
19:31 Wheelbarrow
20:19 Bow Saw
23:31 Wheelbarrow
24:56 Squires
25:15 Stone Mining
26:01 Gold Shaft Mining
25:51 Fletching
26:02 Padded Archer Armor
25:51 Elite Skirmisher
26:28 Bodkin Arrow
31:05 Scale Mail Armor
31:49 Thumb Ring
32:32 Heavy Plow
33:25 Gold Shaft Mining
33:25 Stone Shaft Mining
32:42 Arson
33:46 Fortified Wall
34:34 Chain Mail Armor
34:29 Forging
34:17 Town Watch
36:45 Iron Casting
36:48 Ballistics
36:38 Masonry
39:08 Stone Shaft Mining
41:44 Imperial Age
39:30 Hand Cart
39:53 Pikeman
41:46 Elite Chu Ko Nu
42:09 Halberdier
44:17 Conscription
43:59 Great Wall
46:23 Masonry
47:20 Two-Man Saw
46:55 Bracer
47:10 Leather Archer Armor
47:26 Plate Mail Armor
47:56 Blast Furnace
48:00 Chemistry
51:46 Architecture
51:13 Murder Holes
ASDF
5:06 Loom
10:23 Feudal Age
19:24 Padded Archer Armor
21:29 Castle Age
20:35 Fletching
21:58 Double-Bit Axe
Hurut
5:12 Loom
9:09 Feudal Age
9:41 Double-Bit Axe
10:01 Man-at-Arms
13:57 Fletching
21:01 Castle Age
19:41 Padded Archer Armor
19:23 Horse Collar
19:50 Stone Mining
19:54 Gold Mining
21:07 Crossbowman
22:09 Bodkin Arrow
26:15 Stone Mining
27:14 Wheelbarrow
30:35 Hand Cart
30:45 Ballistics
33:19 Leather Archer Armor
42:21 Imperial Age
42:46 Thumb Ring
44:04 Chemistry
43:00 Murder Holes
43:17 Masonry
43:19 Bow Saw
43:11 Bracer
43:53 Ring Archer Armor
43:27 Elite Genoese Crossbowman
51:17 Architecture
51:09 Bombard Tower
Horka Bulcsú
10:14 Feudal Age
8:32 Loom
11:56 Wheelbarrow
12:29 Double-Bit Axe
13:56 Horse Collar
22:05 Castle Age
23:31 Pikeman
24:51 Scale Barding Armor
25:57 Chain Barding Armor
25:40 Husbandry
27:17 Hand Cart
40:25 Heavy Plow
46:14 Bloodlines
49:04 Imperial Age
49:08 Cavalier
50:59 Elite Magyar Huszar
Lehel_Kurt
5:45 Loom
8:56 Feudal Age
9:52 Double-Bit Axe
19:52 Castle Age
19:18 Scale Barding Armor
20:31 Forging
26:21 Husbandry
32:57 Wheelbarrow
32:53 Chain Barding Armor
39:46 Hand Cart
42:39 Imperial Age
43:47 Iron Casting
42:46 Cavalier
46:04 Paladin
49:19 Blast Furnace
50:33 Plate Barding Armor
Connection lost

Rejoining the realm…

Still unreachable

The connection could not be restored.

Session expired

The server has moved on; the page needs a fresh start.